 Dungeon Crawl Stone Soup version 0.31-a0-202-g547052bce9 (webtiles) character file.

Game seed: 18096832774053751653

62 qw the Shooter (level 3, -2/20 HPs)
             Began as a Deep Elf Hunter on June 26, 2023.
             Slain by Robin
             ... wielding a +0 trident
              (8 damage)
             ... on level 2 of the Dungeon.
             The game lasted 00:00:23 (890 turns).

qw the Shooter (Deep Elf Hunter)                     Turns: 890, Time: 00:00:23

Health: -2/20      AC:  5    Str: 10    XL:     3   Next: 85%
Magic:  5/5        EV: 11    Int: 13    God:
Gold:   61         SH:  0    Dex: 18    Spells: 2/2 levels left

rFire   . . .        Y - +0 shortbow
rCold   . . .        (shield currently unavailable)
rNeg    . . .        d - +0 ring mail
rPois   .            (no helmet)
rElec   .            (no cloak)
rCorr   .            (no gloves)
SInv    .            (no boots)
Will    +....        (no amulet)
Stlth   +            f - ring of willpower
HPRegen 0.23/turn    (no ring)
MPRegen 0.09/turn

%: no passive effects
@: no status effects
A: no striking features
a: no special abilities


You were on level 2 of the Dungeon.
You visited 1 branch of the dungeon, and saw 2 of its levels.

You collected 61 gold pieces.


   Skills:
 - Level 1.5 Fighting
 + Level 7.3 Ranged Weapons
 - Level 2.4 Dodging
 - Level 1.2 Stealth


You had 2 spell levels left.
You didn't know any spells.
Your spell library was empty.

Inventory:

Hand Weapons
 Y - a +0 shortbow (weapon)
Armour
 d - a +0 ring mail (worn)
Jewellery
 f - a ring of willpower (left hand)
Scrolls
 a - a scroll of revelation {unknown}
Potions
 g - a potion of heal wounds {unknown}
 j - a potion of curing {unknown}
 k - a potion of haste {unknown}

Dungeon Overview and Level Annotations

Branches:
Dungeon (2/15)

Altars:

Annotations:
D:2 Robin


Message History

A goblin comes into view. It is wielding a +3 dagger.
You shoot an arrow. The arrow hits the hobgoblin.
You kill the hobgoblin!
Robin says, "Kneel, worm!"
Robin roars a battlecry!
The goblins go into a battle-frenzy!
A hobgoblin comes into view.
You shoot an arrow. The hobgoblin shouts!
The arrow hits the goblin.
You kill the goblin!
You shoot an arrow. The arrow hits the goblin.
The goblin is severely wounded.
Robin says, "Feeling lonely?"
You shoot an arrow. The arrow hits the goblin!
You kill the goblin!
A rat comes into view.
Robin completely misses you.
You shoot an arrow. The arrow hits Robin.
Robin is lightly wounded.
Robin hits you from afar with a +0 trident.
The goblin hits you but does no damage. Robin hits you but does no damage.
You shoot an arrow. The arrow completely misses the goblin.
The arrow hits the hobgoblin.
The hobgoblin is lightly wounded.
The goblin hits you with a +0 dagger. Robin throws the goblin at you!
The goblin misses you.
You shoot an arrow. The arrow hits the goblin.
You kill the goblin!
Robin hits you from afar with a +0 trident.
The hobgoblin closely misses you. The goblin barely misses you.
You shoot an arrow. The arrow closely misses the hobgoblin.
The arrow hits the goblin.
The goblin is heavily wounded.
Robin misses you. The hobgoblin completely misses you.
The hobgoblin barely misses you. The goblin misses you.
You shoot an arrow. The arrow hits the hobgoblin.
You kill the hobgoblin!
Robin hits you from afar with a +0 trident!
You die...

...............#
####.......#..##
#.%.%.<...##
####..##.##
#.###.#
###.###.#
#...##..#
##g.....##
#.g@#####
......%)#
....rg#g#
.....)#g#
...##.#%# |.# #
... ## ... ...


You could see Robin, a hobgoblin (strong), 3 goblins and a rat.

Vanquished Creatures
  Jessica (D:2)
  A ball python (D:1)
  2 endoplasms (D:1)
  7 hobgoblins
  2 jackals (D:1)
  4 kobolds
  2 quokkas
  3 bats
  A frilled lizard (D:1)
  7 goblins
  3 rats (D:1)
33 creatures vanquished.

Notes
Turn   | Place    | Note
-------+----------+-------------------------------------------
     0 | D:1      | qw the Deep Elf Hunter began the quest for the Orb.
     0 | D:1      | Reached XP level 1. HP: 12/12 MP: 3/3
     0 | D:1      | 0 ||| qw: Version: 0.3-a-22-g0ed2b0b
     0 | D:1      | 0 ||| qw: Game counter: 5846
     0 | D:1      | 0 ||| qw: Melee chars always use a shield: true
     0 | D:1      | 0 ||| qw: God list: Okawaru
     0 | D:1      | 0 ||| qw: Allow faded altars: false
     0 | D:1      | 0 ||| qw: Do Orc after clearing Dungeon:15 true
     0 | D:1      | 0 ||| qw: Do second Lair branch before Depths: true
     0 | D:1      | 0 ||| qw: Lair rune preference: random
     0 | D:1      | 0 ||| qw: Goals: Normal
     0 | D:1      | 0 ||| PLANNING D:1-11
   179 | D:1      | Reached XP level 2. HP: 16/16 MP: 4/4
   213 | D:1      | Reached skill level 6 in Ranged Weapons
   316 | D:1      | 316 ||| Stepping ~*~*~tactically~*~*~ (water).
   323 | D:1      | 323 ||| Stepping ~*~*~tactically~*~*~ (water).
   710 | D:1      | 710 ||| UPGRADING to +0 ring mail.
   720 | D:1      | 720 ||| DROPPING +0 leather armour.
   721 | D:1      | 721 ||| UPGRADING to ring of willpower.
   722 | D:1      | 722 ||| READING scroll labelled XEDO CUTAFRITAKAI.
   726 | D:1      | 726 ||| READING scroll labelled DASE MITTUMA.
   727 | D:1      | 727 ||| READING scroll labelled LUNAAKHERO.
   728 | D:1      | 728 ||| READING scroll labelled QOMOGO PIUM.
   729 | D:1      | 729 ||| DROPPING scroll of butterflies.
   781 | D:2      | Noticed Jessica
   787 | D:2      | Killed Jessica
   788 | D:2      | Reached skill level 7 in Ranged Weapons
   788 | D:2      | Reached XP level 3. HP: 15/20 MP: 5/5
   880 | D:2      | Noticed Robin
   888 | D:2      | HP: 5/20 [Robin/+0 trident (5)]
   890 | D:2      | Slain by Robin

Levels and vault maps discovered:
D:1:      lemuel_arrival_muddy, layout_loops_ring,
          chequers_serial_rivers_large_a
D:2:      layout_rooms, hellmonk_ecumenical_altar_pennies_from_heaven,
          hangedman_decor_growths, uniq_jessica, uniq_robin

Skill      XL: |  1  2 |
---------------+-------+-----
Ranged Weapons | 7 |  7.3
Fighting       | |  1.5
Dodging        | |  2.4
Stealth        | |  1.2

Action                     || total
---------------------------++-------
   Fire: Shortbow          ||    92
    Use: Scroll            ||     4
 Armour: Leather armour    ||     8
         Ring mail         ||    14
  Dodge: Dodged            ||    31

Table legend:
 A = Non-vault XP
 B = Vault XP
 C = Vault XP percentage of total XP
 D = Non-vault monster count
 E = Vault monster count
 F = Vault count percentage of total count
                 A         B        C        D         E       F
            +---------+---------+-------+---------+---------+-------
      Total |      40 |      51 |  56.0 |      25 |       8 |  24.2
            +---------+---------+-------+---------+---------+-------
        D:1 |      33 |       0 |   0.0 |      20 |       0 |   0.0
        D:2 |       7 |      51 |  87.9 |       5 |       8 |  61.5
            +---------+---------+-------+---------+---------+-------
